 Dungeon Crawl Stone Soup version 0.24.0-13-gcf9b3192b9 (webtiles) character file.

Game seed: 14071139984944081322, levelgen mode: deterministic

66 Metae the Skirmisher (level 4, -1/37 HPs)
             Began as a Merfolk Skald on Nov 10, 2019.
             Slain by an adder (3 damage)
             ... on level 1 of the Dungeon.
             The game lasted 00:08:05 (2518 turns).

Metae the Skirmisher (Merfolk Skald)                Turns: 2518, Time: 00:08:06

Health: -1/37      AC:  3    Str: 12    XL:     4   Next: 15%
Magic:  8/8        EV: 12    Int: 12    God:
Gold:   65         SH:  0    Dex: 13    Spells: 8/9 levels left

rFire    . . .     SeeInvis .   a - +0 spear
rCold    . . .     Gourm    .   (no shield)
rNeg     . . .     Faith    .   b - +0 leather armour
rPois    .         Spirit   .   (no helmet)
rElec    .         Reflect  .   (no cloak)
rCorr    .         Harm     .   (no gloves)
MR       .....                  (no boots)
Stlth    +.........             n - amulet of inaccuracy (curse)
HPRegen  0.12/turn              (no ring)
MPRegen  0.11/turn              (no ring)

@: no status effects
A: change form in water, swift swim, stealthy swim
a: no special abilities


You were on level 1 of the Dungeon.
You were not hungry.

You visited 1 branch of the dungeon, and saw 2 of its levels.

You collected 65 gold pieces.

Inventory:

Hand Weapons
 a - a +0 spear (weapon)
Armour
 b - a +0 leather armour (worn)
Jewellery
 n - a cursed amulet of inaccuracy (around neck)
Wands
 j - a wand of iceblast (7)
Scrolls
 e - a scroll of blinking {unknown}
 f - a scroll of enchant armour {unknown}
 g - 3 scrolls of identify
 i - a scroll of enchant weapon {unknown}
 k - a scroll of remove curse {unknown}
Potions
 c - 2 potions of curing
 h - a potion of lignification
 m - a potion of magic {unknown}
Comestibles
 d - 4 rations
 l - a chunk of flesh


   Skills:
 + Level 3.6 Fighting
 - Level 3.0 Polearms
 - Level 0.6 Armour
 - Level 2.6 Dodging
 + Level 3.1 Spellcasting
 - Level 3.2 Charms


You had 8 spell levels left.
You knew the following spells:

 Your Spells              Type           Power        Failure   Level  Hunger
a - Infusion              Chrm           #...         9%          1    #......

Your spell library contained the following spells:

 Spells                   Type           Power        Failure   Level  Hunger
 Song of Slaying          Chrm           #.......     12%         2    ###....
 Shroud of Golubria       Chrm/Tloc      #.....       24%         2    ###....
 Regeneration             Chrm/Necr      #.........   43%         3    ###....
 Spectral Weapon          Hex/Chrm       #.......     43%         3    ###....


Dungeon Overview and Level Annotations

Branches:
Dungeon (2/15)

Altars:


Message History

You feel sick.
You are no longer poisoned.
You see here a stone.
The adder barely misses you. The adder bites you but does no damage.
You are no longer magically infusing your attacks.
The adder closely misses you. The adder misses you.
There is an escape hatch in the ceiling here.
You can't go down here!
The adder closely misses you. A mysterious force pulls you upwards.
The hatch slams shut behind you. The adder bites you.
* * * LOW HITPOINT WARNING * * *
The adder bites you.
* * * LOW HITPOINT WARNING * * *
The adder bites you but does no damage. The adder barely misses you.
The adder closely misses you. The adder bites you.
You die...

#.# #.#.#####
##.####### #.###.#.#
#.# #.......# ##'##
#####.### ##...##
#.#### ##.....##
#.##(## ##.......##
#.#...####.........###
#........'.........'..
#.#..@####.........###
#.##S## ##.......##
#.....# ##.....## #
#####.# ##...## #
#####.##### ##+## #
#.....>...####.####
#.###.###.##....(.#
#.# #.###.##.#.##.####
#.# #.................


You could see an adder.

Vanquished Creatures
  A worker ant (D:2)
  2 worms (D:2)
  3 leopard geckos
  2 ball pythons (D:1)
  4 giant cockroaches
  4 goblins (D:1)
  6 hobgoblins
  4 kobolds
  2 bats
  A frilled lizard (D:1)
  A rat (D:1)
30 creatures vanquished.

Notes
Turn   | Place    | Note
-------+----------+-------------------------------------------
     0 | D:1      | Metae the Merfolk Skald began the quest for the Orb.
     0 | D:1      | Reached XP level 1. HP: 16/16 MP: 3/3
   106 | D:1      | Reached XP level 2. HP: 19/23 MP: 5/5
  1252 | D:1      | Reached XP level 3. HP: 16/29 MP: 3/6
  2053 | D:2      | Noticed a moth of wrath
  2078 | D:2      | Reached XP level 4. HP: 14/35 MP: 1/8
  2509 | D:1      | HP: 1/37 [adder (2)]
  2518 | D:1      | Slain by an adder

Levels and vault maps discovered:
D:1:      wander_arrival_fairy_ring, layout_loops_corners,
          minmay_misc_feat_roman
D:2:      layout_basic, tgw_trog

Skill      XL: |  1  2  3 |
---------------+----------+-----
Fighting       | 3 |  3.6
Spellcasting   | 3 |  3.1
Polearms       | |  3.0
Armour         | |  0.6
Dodging        | |  2.6
Charms         | |  3.2

Action                   |  1- 3 |  4- 6 || total
-------------------------+-------+-------++-------
Melee: Spear             |   159 |    45 ||   204
 Cast: Infusion          |     5 |     3 ||     8
  Use: Scroll            |     2 |       ||     2
  Eat: Chunk             |     1 |     1 ||     2
       Ration            |     1 |       ||     1
Armor: Leather armour    |    33 |     6 ||    39
Dodge: Dodged            |    84 |    39 ||   123
